 Dungeon Crawl Stone Soup version 0.27-a0-1431-gcffa5a9b16 (webtiles) character file.

Game seed: 5808807838670412068

12553 mandarbmax the Grappler (level 11, -4/104 HPs)
             Began as a Troll Arcane Marksman on July 2, 2021.
             Was a High Priest of Okawaru.
             Slain by Jorgrun (9 damage)
             ... on level 12 of the Dungeon.
             The game lasted 00:20:42 (9439 turns).

mandarbmax the Grappler (Troll Arcane Marksman)     Turns: 9439, Time: 00:20:42

Health: -4/104     AC:  6    Str: 33    XL:     11   Next: 64%
Magic:  9/14       EV: 10    Int: 10    God:    Okawaru [*****.]
Gold:   712        SH: 11    Dex: 11    Spells: 5/12 levels left

rFire    + . .     SeeInvis .     - Unarmed
rCold    + . .     Faith    .   J - +0 kite shield
rNeg     . . .     Spirit   .   w - +2 robe {rC+ rF+}
rPois    .         Reflect  .   (helmet restricted)
rElec    .         Harm     .   x - scarf {+Inv}
rCorr    .         Rampage  .   (gloves unavailable)
Will     .....                  (boots unavailable)
Stlth    +++.......             (no amulet)
HPRegen  1.27/turn              o - +6 ring of strength
MPRegen  0.14/turn              j - +6 ring of strength

@: heroic, finesse-ful, grasped by roots, constricted
A: large, unfitting armour, claws 3, regeneration 1, shaggy fur 1, tough skin 1
a: Renounce Religion, Evoke Invisibility, Heroism, Finesse


You were on level 12 of the Dungeon.
You worshipped Okawaru.
Okawaru was extremely pleased with you.
You visited 2 branches of the dungeon, and saw 13 of its levels.
You also visited: Sewer.

You collected 712 gold pieces.

Inventory:

Hand Weapons
 m - a +0 giant club
Missiles
 c - 2 throwing nets (quivered)
 n - 98 poisoned darts
 t - 9 boomerangs of dispersal
 y - 8 silver javelins
 E - 3 curare-tipped darts
 K - 11 large rocks
Armour
 w - a +2 robe of resistance (worn)
 x - a scarf of invisibility (worn)
 J - a +0 kite shield (worn)
 P - +0 acid dragon scales
Jewellery
 j - a +6 ring of strength (right claw)
 o - a +6 ring of strength (left claw)
 B - a +6 ring of intelligence
 D - a ring of ice
 G - a ring of protection from fire
 N - a ring of protection from fire
Wands
 l - a wand of charming (26)
 p - a wand of flame (29)
 u - a wand of acid (9)
 A - a wand of iceblast (5)
 I - a wand of polymorph (19)
 L - a wand of paralysis (18)
Scrolls
 a - a scroll of enchant armour
 e - a scroll of fog
 h - 3 scrolls of enchant weapon
 k - a scroll of amnesia
 q - 2 scrolls of teleportation
 r - 3 scrolls of summoning
 v - a scroll of fear
 C - a scroll of torment
 F - a scroll of holy word
 Q - a scroll of blinking
Potions
 b - a potion of haste
 d - 3 potions of might
 f - 3 potions of curing
 g - 5 potions of flight
 s - 2 potions of resistance
 z - a potion of ambrosia
 M - a potion of brilliance
 O - a potion of heal wounds
Miscellaneous
 H - a condenser vane (inert)


   Skills:
 + Level 5.4(10.4) Fighting
 + Level 8.0(13.0) Throwing
 + Level 5.7(10.7) Dodging
 + Level 2.7(7.7) Shields
 * Level 11.7(16.7) Unarmed Combat
 - Level 1.0 Spellcasting
 - Level 2.0 Hexes
 + Level 5.8 Invocations


You had 5 spell levels left.
You knew the following spells:

 Your Spells              Type           Power      Damage    Failure   Level
a - Corona                Hex            4%         N/A       19%         1
b - Portal Projectile     Hex/Tloc       4%         N/A       65%         3
c - Wereblood             Tmut           0%         N/A       54%         2
z - Animate Skeleton      Necr           0%         N/A       41%         1

Your spell library contained the following spells:

 Spells                   Type           Power      Damage    Failure   Level
 Slow                     Hex            4%         N/A       28%         2
 Foxfire                  Conj/Fire      0%         2x1d4     41%         1
 Pain                     Necr           0%         1d4       41%         1
 Confusing Touch          Hex            4%         N/A       50%         3
 Blink                    Tloc           N/A        N/A       54%         2
 Static Discharge         Conj/Air       0%         N/A       54%         2
 Sublimation of Blood     Necr           0%         N/A       54%         2
 Inner Flame              Hex/Fire       2%         N/A       65%         3
 Conjure Flame            Conj/Fire      0%         6-21      78%         3
 Ignite Poison            Fire/Tmut/Pois 0%         N/A       78%         3
 Lesser Beckoning         Tloc           0%         N/A       78%         3
 Ozocubu's Armour         Ice            0%         N/A       78%         3
 Vampiric Draining        Necr           0%         2d6       78%         3
 Cause Fear               Hex            2%         N/A       88%         4
 Leda's Liquefaction      Hex/Erth       1%         N/A       96%         4
 Airstrike                Air            0%         N/A       99%         4
 Dispel Undead            Necr           0%         3d6       99%         4
 Sticky Flame             Conj/Fire      0%         2d3       99%         4
 Summon Lightning Spire   Summ/Air       0%         N/A       99%         4
 Alistair's Intoxication  Tmut/Pois      0%         N/A       100%        5
 Bolt of Magma            Conj/Fire/Erth 0%         4d4       100%        5
 Borgnjor's Vile Clutch   Necr/Erth      0%         N/A       100%        5
 Lightning Bolt           Conj/Air       0%         1d11      100%        5
 Metabolic Englaciation   Hex/Ice        1%         N/A       100%        5
 Yara's Violent Unravell  Hex/Tmut       1%         3d3       100%        5
 Eringya's Noxious Bog    Tmut/Pois      0%         N/A       100%        6
 Simulacrum               Ice/Necr       0%         N/A       100%        6
 Summon Hydra             Summ           0%         N/A       100%        7


Dungeon Overview and Level Annotations

Branches:
Dungeon (12/15)            Temple (1/1) D:5            Lair (0/6) D:10
    Orc (0/2) D:9           Sewer (visited)

Altars:
Ashenzari
Cheibriados
Dithmenos
Elyvilon
Fedhas
Gozag
Hepliaklqana
Kikubaaqudgha
Makhleb
Nemelex Xobeh
Okawaru
Qazlal
Ru
Sif Muna
Trog
Uskayaw
Vehumet
Wu Jian
Xom
Yredelemnul
Zin
The Shining One

Annotations:
D:12 Jorgrun


Innate Abilities, Weirdness & Mutations

You are too large for most types of armour.
You have claws for hands.
Your natural rate of healing is unusually fast.
You are covered in fur. (AC +1)
You have tough skin. (AC +1)


Message History

Aim: Jorgrun, wielding a +0 vorpal quarterstaff and wearing a +1 robe of fire resistance (lightly wounded, 54% to hit, chance to blind on hit: 18%)
You throw an atropa-tipped dart.
The atropa-tipped dart barely misses Jorgrun.
Your limbs are stiffening.
Unknown command.
Unknown command.
Throw: dart (atropa)
Press: ? - help, Q - select action, (/) - cycle Shift-Dir - straight line, f/p - Jorgrun
Aim: Jorgrun, wielding a +0 vorpal quarterstaff and wearing a +1 robe of fire resistance (lightly wounded, 54% to hit, chance to blind on hit: 18%)
You throw an atropa-tipped dart.
The atropa-tipped dart closely misses Jorgrun.
Jorgrun completely misses you.
Unknown command.
You miss Jorgrun.
Jorgrun is lightly wounded.
Jorgrun hits you with a +0 vorpal quarterstaff.
You have turned to stone.
Jorgrun gestures at you while chanting.
Jorgrun hits you with a +0 vorpal quarterstaff.
Jorgrun hits you with a +0 vorpal quarterstaff.
Jorgrun hits you with a +0 vorpal quarterstaff!!
Jorgrun hits you with a +0 vorpal quarterstaff!
Jorgrun gestures at you while chanting. Jorgrun casts a spell at you.
The wall shatters!
The blast of rock fragments hits you!!
Jorgrun points at you and mumbles some strange words.
Roots burst forth from the earth!
The grasping roots grab you! The grasping roots constrict you!
Jorgrun hits you but does no damage. The grasping roots constrict you!
You turn to flesh and can move again.
Unknown command.
Unknown command.
Unknown command.
Unknown command.
You can now deal lightning-fast blows.
Jorgrun casts a spell at you.
The wall shatters!
The blast of rock fragments hits you!!!
* * * LOW HITPOINT WARNING * * *
You die...

#..................
#..................
#####..................
.≈♣≈..................[..
.P≈≈≈P....................
.P≈≈♣.....################
###.P.###.#######
#######........ >
.......@....... ...
..#.####g#####. #### ...
#.(.. ##.... #..# .(# .#


You could see Jorgrun.

Vanquished Creatures
  Fannar (D:11)
  Erica (D:8)
  2 two-headed ogres
  A cyclops (D:11)
  Joseph (D:7)
  A kobold demonologist (D:11)
  2 trolls
  Grinder (D:5)
  A steam dragon (D:7)
  10 yaks
  2 wargs (D:10)
  An acid dragon (D:10)
  The ghost of Dittersdorf the Covered, an amateur GrFi (D:4)
  Duvessa (D:7)
  5 orc warriors
  3 sky beasts
  An ice beast (D:5)
  5 black bears
  5 necrophages
  2 ogres (D:6)
  4 centaurs
  A phantom (D:4)
  4 kobold brigands
  A wyvern zombie (D:9)
  2 bullfrogs
  2 gnoll sergeants
  5 scorpions
  Dowan (D:7)
  6 killer bees (D:10)
  A water moccasin skeleton (D:5)
  10 wights
  2 howler monkeys (D:8)
  3 electric eels (D:10)
  A bullfrog zombie (D:4)
  A centaur skeleton (D:7)
  A hound (D:5)
  5 orc priests
  7 centaur zombies
  2 jellies
  Jessica (D:3)
  Natasha (twice) (D:3)
  A bullfrog skeleton (D:4)
  An iguana (D:5)
  7 orc wizards
  A killer bee zombie (D:6)
  3 howler monkey zombies
  A mummy (D:9)
  8 gnolls
  A howler monkey skeleton (D:4)
  7 adders
  A river rat (Sewer)
  3 white imps
  2 ufetubi (D:5)
  A worm (D:4)
  A dart slug (D:4)
  22 orcs
  7 ball pythons
  5 bats
  2 endoplasms
  3 giant cockroaches
  6 goblins
  7 hobgoblins
  13 jackals
  4 quokkas
  16 kobolds
  6 rats
238 creatures vanquished.

Vanquished Creatures (others)
  2 plants (D:10)
  5 withered plants (D:9)
7 creatures vanquished.

Grand Total: 245 creatures vanquished

Notes
Turn   | Place    | Note
-------+----------+-------------------------------------------
     0 | D:1      | mandarbmax the Troll Arcane Marksman began the quest for
                  | the Orb.
     0 | D:1      | Reached XP level 1. HP: 18/18 MP: 1/1
    30 | D:1      | Reached skill level 1 in Fighting
    49 | D:1      | Reached XP level 2. HP: 27/27 MP: 2/2
   220 | D:1      | Reached skill level 1 in Unarmed Combat
   362 | D:1      | Reached XP level 3. HP: 33/33 MP: 3/3
   746 | D:2      | Found a faded altar of an unknown god.
   828 | D:2      | Reached skill level 2 in Unarmed Combat
  1206 | D:2      | Learned a level 3 spell: Portal Projectile
  1530 | D:3      | Reached XP level 4. HP: 39/41 MP: 4/4
  1553 | D:3      | Noticed Natasha
  1562 | D:3      | Killed Natasha
  1569 | D:3      | Reached skill level 3 in Unarmed Combat
  1749 | D:3      | Found a glowing drain.
  1758 | Sewer    | Entered a sewer
  1814 | Sewer    | Noticed a kobold brigand
  1832 | Sewer    | Killed a kobold brigand
  1833 | Sewer    | Reached XP level 5. HP: 31/48 MP: 5/5
  1836 | Sewer    | Reached skill level 4 in Unarmed Combat
  1872 | Sewer    | Found a white marble altar of Elyvilon.
  1966 | D:3      | Noticed Jessica
  1970 | D:3      | Killed Jessica
  1985 | D:3      | Got Jessica's Guide on Stolen Souls
  1988 | D:3      | Learned a level 1 spell: Animate Skeleton
  2346 | D:3      | Noticed Natasha
  2358 | D:3      | Killed Natasha
  2359 | D:3      | Reached XP level 6. HP: 38/55 MP: 6/6
  2409 | D:4      | Found a transporter.
  2412 | D:4      | Found a transporter.
  2412 | D:4      | Noticed Dittersdorf's ghost (amateur GrFi)
  2572 | D:4      | Reached skill level 5 in Unarmed Combat
  3271 | D:4      | Reached XP level 7. HP: 59/62 MP: 7/7
  3277 | D:4      | Reached skill level 6 in Unarmed Combat
  3286 | D:4      | Killed Dittersdorf's ghost
  3382 | D:5      | Entered Level 5 of the Dungeon
  3432 | D:5      | Found a staircase to the Ecumenical Temple.
  3440 | D:5      | Reached skill level 7 in Unarmed Combat
  3452 | D:5      | Reached skill level 5 in Throwing
  3474 | Temple   | Entered the Ecumenical Temple
  3545 | Temple   | Became a worshipper of Warmaster Okawaru
  3634 | D:5      | Reached XP level 8. HP: 53/70 MP: 8/8
  3996 | D:5      | Noticed Grinder
  4008 | D:5      | Killed Grinder
  4009 | D:5      | Reached skill level 1 in Invocations
  4067 | D:5      | Reached skill level 8 in Unarmed Combat
  4100 | D:5      | Reached * piety under Okawaru
  4403 | D:6      | Reached XP level 9. HP: 69/80 MP: 9/9
  4519 | D:6      | Reached ** piety under Okawaru
  4992 | D:7      | Noticed Joseph
  4992 | D:7      | Paralysed by Joseph for 6 turns
  5000 | D:7      | Paralysed by Joseph for 2 turns
  5004 | D:7      | Paralysed by Joseph for 5 turns
  5011 | D:7      | HP: 4/80 [Joseph (7)]
  5016 | D:7      | Killed Joseph
  5017 | D:7      | Reached skill level 9 in Unarmed Combat
  5492 | D:7      | Noticed Dowan
  5492 | D:7      | Noticed Duvessa
  5506 | D:7      | Killed Duvessa
  5508 | D:7      | Killed Dowan
  5822 | D:8      | Noticed a two-headed ogre
  5841 | D:8      | Killed a two-headed ogre
  5841 | D:8      | Reached *** piety under Okawaru
  5842 | D:8      | Reached XP level 10. HP: 92/92 MP: 11/11
  5905 | D:8      | Reached skill level 10 in Unarmed Combat
  6120 | D:8      | Noticed Erica
  6139 | D:8      | Killed Erica
  6233 | D:8      | Found a hide-covered altar of Uskayaw.
  6261 | D:8      | Reached **** piety under Okawaru
  6684 | D:9      | Noticed a two-headed ogre
  6686 | D:9      | Killed a two-headed ogre
  6686 | D:9      | Received a gift from Okawaru
  6709 | D:9      | Learned a level 2 spell: Wereblood
  6796 | D:9      | Received a gift from Okawaru
  6893 | D:9      | Found a staircase to the Orcish Mines.
  7012 | D:9      | Paralysed by a gnoll for 3 turns
  7035 | D:9      | Received a gift from Okawaru
  7055 | D:9      | Reached skill level 5 in Dodging
  7055 | D:9      | Reached skill level 1 in Shields
  7457 | D:10     | Entered Level 10 of the Dungeon
  7509 | D:10     | Reached skill level 11 in Unarmed Combat
  7509 | D:10     | Reached skill level 5 in Invocations
  7537 | D:10     | Reached XP level 11. HP: 58/101 MP: 13/13
  7796 | D:10     | Found a staircase to the Lair.
  8003 | D:10     | Got Nethriakk's Collected Works on the Warped Blaze
  8351 | D:10     | Reached skill level 5 in Fighting
  8794 | D:11     | Reached ***** piety under Okawaru
  8794 | D:11     | Received a gift from Okawaru
  8820 | D:11     | Noticed Fannar
  8824 | D:11     | Noticed a sixfirhy
  8832 | D:11     | Killed Fannar
  9422 | D:12     | Noticed Jorgrun
  9439 | D:12     | HP: 5/104 [Jorgrun/blast of rock fragments (45)]
  9439 | D:12     | Slain by Jorgrun

Illustrated notes

Levels and vault maps discovered:
D:1:      dpeg_arrival_shrine, layout_loops_ring
D:2:      layout_loops_cross, ebering_ecumenical_altar_box, minivault_5
D:3:      layout_loops_ring, portal_sewer_entry_d, kennysheep_jessica_study,
          uniq_natasha
D:4:      layout_basic, gammafunk_ghost_mausoleum,
          hangedman_decor_diamond_cutter
D:5:      layout_cave_pods, minmay_temple_entry_butterflies, st_stairs_2,
          uniq_grinder
D:6:      layout_cave_pools
D:7:      layout_basic, uniq_joseph, uniq_duvessa
D:8:      layout_basic, lemuel_round_altar, uniq_erica
D:9:      layout_loops_ring, orc_0_dummy, serial_undead, serial_undead_b,
          serial_undead_c, serial_undead_c, serial_undead_b
D:10:     layout_basic, erik_lair_orcish_takeover
D:11:     layout_rooms, uniq_fannar
D:12:     layout_long_grid, serial_bayou_pond_d, serial_bayou_pond_c,
          minivault_22, serial_bayou_pond_c, minmay_shop_enchanted_jewellery,
          uniq_jorgrun
Temple:   dpeg_three_leaves_temple

Skill      XL: |  1  2  3  4  5  6  7  8  9 10 11 |
---------------+----------------------------------+-----
Fighting       | 1 2 3 4 5 |  5.4
Throwing       | 2 3 4 5 6 7 8 |  8.0
Dodging        | 2 3 4 5 |  5.7
Unarmed Combat | 1 2 3 4 5 7 8 9 11 | 11.7
Invocations    | 2 3 5 |  5.8
Shields        | 1 2 |  2.7
Spellcasting   | |  1.0
Hexes          | |  2.0

Action                   |  1- 3 |  4- 6 |  7- 9 | 10-12 || total
-------------------------+-------+-------+-------+-------++-------
Melee: Unarmed           |   114 |   130 |   157 |   259 ||   660
       Punch             |       |     3 |     5 |     4 ||    12
Throw: Large rock        |       |     2 |    13 |    34 ||    49
       Dart              |       |       |    66 |    35 ||   101
       Javelin           |       |       |       |     3 ||     3
 Cast: Animate Skeleton  |       |     2 |     1 |       ||     3
Invok: Heroism           |       |       |     3 |     6 ||     9
       Finesse           |       |       |       |     1 ||     1
Evoke: Wand              |       |       |       |     4 ||     4
       Condenser vane    |       |       |       |     1 ||     1
  Use: Scroll            |     3 |     4 |     4 |     8 ||    19
       Potion            |       |     1 |     5 |     3 ||     9
 Stab: Distracted        |     1 |       |       |       ||     1
       Sleeping          |       |     3 |       |       ||     3
Armor: Robe              |    43 |    40 |    50 |    84 ||   217
Dodge: Dodged            |    66 |    56 |    87 |   103 ||   312
Block: Kite shield       |       |       |       |   101 ||   101

Table legend: (Time is in decaauts)
 A = Elapsed time spent in this place.
 B = Non-inter-level travel time spent in this place.
 C = Inter-level travel time spent in this place.
 D = Time resting spent in this place.
 E = Time spent auto-exploring this place.
 F = Levels seen in this place.
 G = Mean time per level.
                   A        B        C        D        E       F      G
               +--------+--------+--------+--------+--------+-----+--------+
         Total |   9500 |   9032 |    468 |    636 |   6505 |  14 |  678.6 |
       Dungeon |   9242 |   8783 |    459 |    636 |   6314 |  12 |  770.2 |
        Temple |     80 |     71 |      9 |      0 |     64 |   1 |   80.0 |
         Sewer |    176 |    176 |      0 |      0 |    127 |   1 |  176.0 |
               +--------+--------+--------+--------+--------+-----+--------+

Top non-repeatable levels by time:
    D:10: 1099 daAuts
     D:9: 1085 daAuts
     D:4: 958 daAuts
     D:5: 871 daAuts
     D:8: 864 daAuts
     D:7: 794 daAuts
     D:3: 784 daAuts
     D:2: 738 daAuts
     D:1: 725 daAuts
     D:6: 658 daAuts
    D:11: 574 daAuts
   Sewer: 176 daAuts
    D:12: 87 daAuts
  Temple: 80 daAuts
